 Dungeon Crawl Stone Soup version 0.29.0-4-gdea44cf6ec (webtiles) character file.

Game seed: 991002903121653303

88852 qw the Brawler (level 15, -9/140 (143) HPs)
             Began as a Troll Cinder Acolyte on Aug 30, 2022.
             Was a High Priest of Okawaru.
             Killed by divine providence
             ... invoked by an orc high priest
              (12 damage)
             ... on level 2 of the Orcish Mines.
             The game lasted 00:13:01 (19415 turns).

qw the Brawler (Troll Cinder Acolyte)              Turns: 19415, Time: 00:13:01

HP:   -9/140 (143)  AC: 22    Str: 37    XL:     15   Next: 47%
MP:   21/21         EV: 10    Int: 14    God:    Okawaru [*****.]
Gold: 1079          SH: 12    Dex:  9    Spells: 16/16 levels left

rFire   + + .      SeeInvis +     - Unarmed
rCold   + . .      Faith    .   h - +0 kite shield
rNeg    + + .      Spirit   .   u - +1 pearl dragon scales "Juogofom" {Drain rF+++ rN+ Str+3 Int+4}
rPois   .          Reflect  .   p - +2 hat
rElec   +          Harm     .   k - +1 cloak "Anlaenam" {-Cast Rampage Str+2}
rCorr   +          Rampage  +   (gloves unavailable)
Will    +....      NoCast   +   (boots unavailable)
Stlth   +.........              (no amulet)
HPRegen 1.13/turn               j - ring "Zaciaryt" {Dex+4 Slay+5 SInv}
MPRegen 0.17/turn               e - ring of Wishful Thinking {rElec rF- rC+ rN+ rCorr}

@: heroic, lightly drained
A: large, unfitting armour, claws 3, regeneration 1, shaggy fur 1, tough skin 1
a: Renounce Religion, Heroism, Finesse, Duel


You were on level 2 of the Orcish Mines.
You worshipped Okawaru.
Okawaru was extremely pleased with you.
You visited 4 branches of the dungeon, and saw 23 of its levels.

You collected 1405 gold pieces.
You spent 326 gold pieces at shops.


Innate Abilities, Weirdness & Mutations

You are too large for most types of armour.
You have claws for hands.
Your natural rate of healing is unusually fast.
You are covered in fur. (AC +1)
You have tough skin. (AC +1)


   Skills:
 - Level 8.0(13.0) Fighting
 + Level 7.1(12.1) Throwing
 - Level 5.0(10.0) Armour
 - Level 3.1(8.1) Dodging
 - Level 12.0(17.0) Shields
 - Level 18.0(23.0) Unarmed Combat
 - Level 1.0 Spellcasting
 - Level 2.1 Fire Magic
 - Level 10.0 Invocations


You had 16 spell levels left.
You didn't know any spells.
Your spell library contained the following spells:

 Spells                   Type           Power      Damage    Failure   Level
 Scorch                   Fire           12%        2d5       38%         2

Inventory:

Missiles
 b - 2 boomerangs
 c - 5 javelins
 d - 24 large rocks (quivered)
 t - 2 silver javelins
Armour
 h - a +0 kite shield (worn)
 k - the +1 cloak "Anlaenam" (worn) {-Cast Rampage Str+2}
   (You bought it in a shop on level 7 of the Dungeon)

   Str:       It affects your strength (+2).
   -Cast:     It prevents spellcasting.
   Rampage:   It bestows one free step when moving towards enemies.
 p - a +2 hat (worn)
 u - the +1 pearl dragon scales "Juogofom" (worn) {Drain rF+++ rN+ Str+3 Int+4}
   (You acquired it on level 5 of the Lair of Beasts)

   Str:       It affects your strength (+3).
   Int:       It affects your intelligence (+4).
   rF:        It renders you almost immune to fire.
   rN:        It protects you from negative energy.
   Drain:     It drains your maximum health when unequipped.
Jewellery
 a - a ring of protection from fire
 e - the ring of Wishful Thinking (right claw) {rElec rF- rC+ rN+ rCorr}
   (You found it on level 13 of the Dungeon)

   [ring of resist corrosion]

   rF:        It makes you vulnerable to fire.
   rC:        It protects you from cold.
   rElec:     It insulates you from electricity.
   rN:        It protects you from negative energy.
   rCorr:     It protects you from acid and corrosion.
 j - the ring "Zaciaryt" (left claw) {Dex+4 Slay+5 SInv}
   (You found it on level 14 of the Dungeon)

   [ring of see invisible]

   Dex:       It affects your dexterity (+4).
   Slay:      It affects your accuracy & damage with ranged weapons and melee
   (+5).
   SInv:      It lets you see invisible.
 n - the amulet "Rurhoq" {Spirit +Blink rElec Regen+ Int+4 Dex-5}
   (You found it on level 5 of the Dungeon)

   [amulet of guardian spirit]

   It causes incoming damage to be divided between your reserves of health and
   magic.
   Int:       It affects your intelligence (+4).
   Dex:       It affects your dexterity (-5).
   rElec:     It insulates you from electricity.
   +Blink:    It lets you blink.
   Regen:     It increases your rate of health regeneration.
 Y - a +4 ring of protection
Scrolls
 i - 13 scrolls of identify
Potions
 f - 6 potions of curing
 l - 4 potions of mutation
 o - 2 potions of haste
 s - 4 potions of might

Dungeon Overview and Level Annotations

Branches:
Dungeon (15/15)            Temple (1/1) D:6            Lair (5/5) D:9
 Shoals (0/4) Lair:3        Snake (0/4) Lair:2        Slime (0/5) Lair:5
    Orc (2/2) D:11         Vaults (0/5) D:13         Depths (0/4) D:15
    Elf: Orc:2

Altars:
Gozag
Okawaru
Qazlal
Ru
Trog
Vehumet
Xom
Zin
Jiyva

Shops:
D:4 *   D:5 [   D:7 !=[   D:11 (

Annotations:
Lair:4 1 runed translucent door, qw's ghost, journeyman TrCA


Message History

As you read the scroll of teleportation, it crumbles to dust.
You feel strangely unstable.
The orc shouts!
You hear a shout!
The ogre barely misses you.
19409 ||| Stepping ~*~*~tactically~*~*~ (hiding).
The troll attacks as you move away! You block the troll's attack. x2
The troll claws you but does no damage.
Found 45 gold pieces.
The orc high priest hits you with a +0 dire flail.
You mangle the orc high priest!!
The orc high priest is moderately wounded.
You mangle the orc high priest!!
The orc high priest is almost dead.
You block the orc's attack. The orc high priest closely misses you.
An ogre comes into view. It is wielding a +0 giant club.
19412 ||| Stepping ~*~*~tactically~*~*~ (outnumbered).
Your surroundings suddenly seem different.
An orc high priest, 2 orc priests and 5 orcs come into view.
An orc priest is wielding a +1 vorpal hand axe.
Found a roughly hewn altar of Beogh.
The orc shouts! x4; The orc priest shouts!
The orc high priest shouts!
The orc priest shouts!
The orc shouts!
You hear a shout! x2
The orc high priest starts to sing a prayer.
The orc high priest invokes the aid of Beogh against you.
Beogh smites you!
You hear a shout! x6
You closely miss the orc high priest.
You hear a shout!
The orc priest completely misses you. You block the orc's attack.
The orc priest hits you but does no damage.
The orc high priest closely misses you. The orc closely misses you.
You hear a shout! x2
You closely miss the orc high priest. You barely miss the orc high priest.
The orc priest hits you but does no damage.
The orc hits you but does no damage.
The orc priest mumbles some strange prayers to Beogh against you.
Beogh smites you!
The orc high priest mumbles some strange prayers to Beogh against you.
Beogh smites you!
You die...

#.###(#######..###
#.. #.# #.# ..#
..###.###.# .#
......... .......
8...8 ... ###o###
#.o@oo# #.ooo.#
#..o..# #######


You could see an orc high priest, 2 orc priests and 5 orcs.

Vanquished Creatures
  Jorgrun (D:13)
  Rupert (D:13)
  Frances (D:14)
  Agnes (D:14)
  Roxanne (D:14)
  Nessos (D:14)
  Snorg (D:14)
  Josephine (D:10)
  A rakshasa (D:15)
  A fire dragon (Lair:5)
  7 hydras
  7 boulder beetles
  3 centaur warriors
  Erolcha (D:13)
  A catoblepas (Lair:5)
  4 two-headed ogres
  2 dancing weapons (D:13)
  A tengu warrior (D:13)
  4 death yaks (Lair:3)
  2 orc high priests (Orc:2)
  2 skeletal warriors (D:15)
  A swamp dragon (Lair:5)
  A phantasmal warrior (D:15)
  A deep elf pyromancer (D:14)
  An oklob plant (Lair:3)
  A necromancer (D:15)
  2 manticores
  A moth of wrath (D:13)
  11 elephants
  A salamander (shapeshifter) (D:14)
  6 cyclopes
  14 ugly things
  A stone giant zombie (D:15)
  A fire giant zombie (D:15)
  2 merfolk sirens (Lair:3)
  5 black mambas
  2 torpor snails
  Joseph (D:10)
  6 cane toads
  2 unseen horrors
  A gargoyle (D:14)
  A demonic crawler (D:13)
  A rime drake (Lair:5)
  A spriggan zombie (D:15)
  7 komodo dragons
  2 ice devils (D:13)
  A tengu conjurer (D:13)
  4 trolls
  9 polar bears (Lair:5)
  2 merfolk (Lair:3)
  A hornet (D:8)
  10 slime creatures
  29 blink frogs
  A tyrant leech (D:13)
  3 dream sheep (Lair:4)
  3 raiju (Lair:5)
  25 yaks
  A culicivora (shapeshifter) (D:13)
  2 vampires
  3 shadows
  6 wraiths
  6 basilisks
  13 fire elementals
  4 steam dragons
  4 vampire mosquitoes
  10 wargs
  A human zombie (D:15)
  3 swamp worms (D:13)
  5 acid dragons
  4 nagas (Lair:2)
  13 water moccasins
  14 hell hounds (Lair:5)
  4 orc warriors
  A swamp drake (Lair:5)
  12 black bears
  3 ice beasts
  8 ogres
  7 boggarts
  36 wolves
  3 centaurs
  A kobold brigand (D:11)
  2 phantoms (D:6)
  3 gnoll sergeants
  10 bullfrogs
  4 scorpions
  2 necrophages (D:6)
  15 wights
  4 killer bees (D:9)
  8 howler monkeys
  7 electric eels
  6 hounds
  2 jellies (D:5)
  7 orc priests
  3 gnoll boudas (D:5)
  10 iguanas
  5 orc wizards
  5 hell rats (Lair:2)
  7 adders
  17 gnolls
  2 shadow imps
  2 white imps
  2 ufetubi
  2 worms
  3 dart slugs
  51 orcs
  6 bats
  7 endoplasms
  5 giant cockroaches
  3 hobgoblins
  14 kobolds
  A quokka (D:4)
  4 ball pythons (D:1)
  3 frilled lizards
  9 goblins
  3 rats
603 creatures vanquished.

Vanquished Creatures (others)
  13 fungi
  57 plants
  A withered plant (D:15)
71 creatures vanquished.

Grand Total: 674 creatures vanquished

Notes
Turn   | Place    | Note
-------+----------+-------------------------------------------
     0 | D:1      | qw the Troll Cinder Acolyte began the quest for the Orb.
     0 | D:1      | Reached XP level 1. HP: 22/22 MP: 1/1
     0 | D:1      | 0 ||| qw: Version: 0.1-a-95-gae9e614
     0 | D:1      | 0 ||| qw: Game counter: 4463
     0 | D:1      | 0 ||| qw: Always use a shield: true
     0 | D:1      | 0 ||| qw: God list: Okawaru
     0 | D:1      | 0 ||| qw: Allow faded altars: false
     0 | D:1      | 0 ||| qw: Do Orc after D:15 true
     0 | D:1      | 0 ||| qw: Do second Lair branch before Depths: true
     0 | D:1      | 0 ||| qw: Lair rune preference: random
     0 | D:1      | 0 ||| qw: Plans: Normal
     0 | D:1      | 0 ||| PLANNING D:1-11
   124 | D:1      | Reached XP level 2. HP: 29/29 MP: 2/2
   391 | D:1      | Reached skill level 4 in Unarmed Combat
   675 | D:1      | 675 ||| UPGRADING to +0 cloak.
   680 | D:1      | 680 ||| UPGRADING to +6 ring of strength.
   681 | D:1      | 681 ||| READING scroll labelled ATTIUQ EMICK.
   681 | D:1      | Identified a scroll of acquirement
   681 | D:1      | 681 ||| ACQUIRING quicksilver dragon scales "Kivuuqok" {rF+
                  | Will+ Int+2}
   681 | D:1      | Acquired the quicksilver dragon scales "Kivuuqok" {rF+
                  | Will+ Int+2}
   683 | D:1      | 683 ||| UPGRADING to quicksilver dragon scales "Kivuuqok"
                  | {rF+ Will+ Int+2}.
   693 | D:1      | 693 ||| DROPPING +0 robe.
   694 | D:1      | 694 ||| READING scroll labelled ELEAG HEMNU.
   695 | D:1      | 695 ||| READING scroll labelled XEIPUTU OWEI.
   696 | D:1      | 696 ||| READING scroll labelled EBUTSEUGIU.
   778 | D:2      | Identified the +3 rapier "Plog" {flame, Int+6}
   834 | D:2      | Reached skill level 1 in Armour
   834 | D:2      | Reached XP level 3. HP: 36/36 MP: 3/3
  1084 | D:2      | 1084 ||| READING scroll labelled RUPUMNO MOCSU.
  1085 | D:2      | 1085 ||| READING scroll labelled KALIOV EFAVYRIA.
  1086 | D:2      | 1086 ||| READING scroll labelled JIXIGU SEJU.
  1087 | D:2      | 1087 ||| READING scroll labelled YSUTWI FOUSK.
  1198 | D:3      | 1198 ||| INVOKING Fiery Armour.
  1236 | D:3      | 1236 ||| Stepping ~*~*~tactically~*~*~ (stealth).
  1278 | D:3      | Reached XP level 4. HP: 44/44 MP: 4/4
  1323 | D:3      | 1323 ||| Stepping ~*~*~tactically~*~*~ (stealth).
  1347 | D:3      | Reached skill level 5 in Unarmed Combat
  1394 | D:3      | 1394 ||| Stepping ~*~*~tactically~*~*~ (stealth).
  1453 | D:3      | 1453 ||| Stepping ~*~*~tactically~*~*~ (stealth).
  1454 | D:3      | 1454 ||| Stepping ~*~*~tactically~*~*~ (stealth).
  1455 | D:3      | 1455 ||| Stepping ~*~*~tactically~*~*~ (stealth).
  1608 | D:3      | 1608 ||| READING scroll labelled WURAPHIBAW.
  1609 | D:3      | 1609 ||| READING scroll labelled ICZOTI DICH.
  1610 | D:3      | 1610 ||| DRINKING 3 silvery potions.
  1611 | D:3      | 1611 ||| READING 2 scrolls of identify.
  1611 | D:3      | 1611 ||| IDENTIFYING smoky clear potion
  1634 | D:4      | Found Xoceomaa's Assorted Antiques.
  1639 | D:4      | 1639 ||| BUYING blackened onyx ring (110 gold).
  1639 | D:4      | Bought a blackened onyx ring for 110 gold pieces
  1639 | D:4      | 1639 ||| BUYING scroll labelled GOIRIG NYEDO (22 gold).
  1639 | D:4      | Bought a scroll labelled GOIRIG NYEDO for 22 gold pieces
  1639 | D:4      | 1639 ||| SHOPLISTING scroll labelled YPHUCU IFELOSK (22
                  | gold, have 11).
  1639 | D:4      | 1639 ||| SHOPLISTING scroll of identify (44 gold, have 11).
  1664 | D:4      | 1664 ||| Stepping ~*~*~tactically~*~*~ (stealth).
  1668 | D:4      | 1668 ||| Stepping ~*~*~tactically~*~*~ (stealth).
  1750 | D:4      | Noticed a scorpion
  1751 | D:4      | Noticed a scorpion
  1757 | D:4      | Reached skill level 1 in Throwing
  1757 | D:4      | Reached XP level 5. HP: 49/50 MP: 5/5
  1764 | D:4      | Reached skill level 6 in Unarmed Combat
  1764 | D:4      | Reached XP level 6. HP: 59/59 MP: 6/6
  1833 | D:4      | Noticed an ice beast
  1837 | D:4      | 1837 ||| INVOKING Fiery Armour.
  1840 | D:4      | Killed an ice beast
  1841 | D:4      | 1841 ||| FLEEEEING.
  1842 | D:4      | 1842 ||| FLEEEEING.
  1843 | D:4      | 1843 ||| FLEEEEING.
  1844 | D:4      | 1844 ||| FLEEEEING.
  1845 | D:4      | 1845 ||| FLEEEEING.
  1846 | D:4      | 1846 ||| FLEEEEING.
  1847 | D:4      | 1847 ||| FLEEEEING.
  1853 | D:4      | Reached skill level 7 in Unarmed Combat
  1882 | D:4      | Reached XP level 7. HP: 62/66 MP: 7/7
  2003 | D:4      | 2003 ||| UPGRADING to +4 ring of protection.
  2004 | D:4      | 2004 ||| READING scroll labelled GOIRIG NYEDO.
  2015 | D:5      | Entered Level 5 of the Dungeon
  2030 | D:5      | Reached skill level 8 in Unarmed Combat
  2213 | D:5      | 2213 ||| Stepping ~*~*~tactically~*~*~ (hiding).
  2214 | D:5      | 2214 ||| Stepping ~*~*~tactically~*~*~ (stealth).
  2221 | D:5      | 2221 ||| Stepping ~*~*~tactically~*~*~ (stealth).
  2225 | D:5      | Reached skill level 3 in Fighting
  2230 | D:5      | 2230 ||| Stepping ~*~*~tactically~*~*~ (stealth).
  2236 | D:5      | 2236 ||| Stepping ~*~*~tactically~*~*~ (stealth).
  2254 | D:5      | 2254 ||| Stepping ~*~*~tactically~*~*~ (stealth).
  2289 | D:5      | Found Nodi's Antique Armour Boutique.
  2296 | D:5      | 2296 ||| Stepping randomly (stuck).
  2297 | D:5      | 2297 ||| Stepping randomly (stuck).
  2298 | D:5      | 2298 ||| Stepping randomly (stuck).
  2299 | D:5      | 2299 ||| Stepping randomly (stuck).
  2300 | D:5      | 2300 ||| Stepping randomly (stuck).
  2301 | D:5      | 2301 ||| Stepping randomly (stuck).
  2302 | D:5      | 2302 ||| Stepping randomly (stuck).
  2309 | D:5      | 2309 ||| Stepping ~*~*~tactically~*~*~ (stealth).
  2318 | D:5      | Reached skill level 3 in Throwing
  2318 | D:5      | Reached XP level 8. HP: 69/75 MP: 8/8
  2318 | D:5      | 2318 ||| Stepping ~*~*~tactically~*~*~ (outnumbered).
  2320 | D:5      | 2320 ||| Stepping ~*~*~tactically~*~*~ (outnumbered).
  2322 | D:5      | 2322 ||| Stepping ~*~*~tactically~*~*~ (outnumbered).
  2346 | D:5      | 2346 ||| SHOPLISTING glowing tower shield (157 gold, have
                  | 62).
  2533 | D:5      | 2533 ||| Stepping ~*~*~tactically~*~*~ (hiding).
  2541 | D:5      | Reached skill level 9 in Unarmed Combat
  2556 | D:5      | 2556 ||| Stepping ~*~*~tactically~*~*~ (stealth).
  2567 | D:5      | 2567 ||| Stepping ~*~*~tactically~*~*~ (stealth).
  2583 | D:5      | 2583 ||| Stepping ~*~*~tactically~*~*~ (outnumbered).
  2584 | D:5      | 2584 ||| Stepping ~*~*~tactically~*~*~ (outnumbered).
  2612 | D:5      | Identified the amulet "Rurhoq" {Spirit +Blink rElec Regen+
                  | Int+4 Dex-5}
  2680 | D:5      | Found a bloodstained altar of Trog.
  2751 | D:5      | 2751 ||| Stepping ~*~*~tactically~*~*~ (outnumbered).
  2752 | D:5      | 2752 ||| Stepping ~*~*~tactically~*~*~ (outnumbered).
  2753 | D:5      | 2753 ||| Stepping ~*~*~tactically~*~*~ (outnumbered).
  2911 | D:5      | 2911 ||| Stepping ~*~*~tactically~*~*~ (stealth).
  2914 | D:5      | 2914 ||| Stepping ~*~*~tactically~*~*~ (stealth).
  2917 | D:5      | Reached skill level 10 in Unarmed Combat
  3061 | D:5      | 3061 ||| READING 2 scrolls of identify.
  3061 | D:5      | 3061 ||| IDENTIFYING fizzy dark potion
  3134 | D:6      | Found a staircase to the Ecumenical Temple.
  3135 | D:6      | 3135 ||| Stepping ~*~*~tactically~*~*~ (stealth).
  3138 | D:6      | 3138 ||| Stepping ~*~*~tactically~*~*~ (outnumbered).
  3228 | D:6      | 3228 ||| Stepping ~*~*~tactically~*~*~ (stealth).
  3230 | D:6      | Reached skill level 1 in Dodging
  3328 | D:6      | Reached XP level 9. HP: 84/84 MP: 9/9
  3899 | D:6      | 3899 ||| UPGRADING to +1 hat.
  3904 | D:6      | 3904 ||| READING 3 scrolls of identify.
  3904 | D:6      | 3904 ||| IDENTIFYING amethyst potion
  3905 | D:6      | 3905 ||| READING 2 scrolls of identify.
  3905 | D:6      | 3905 ||| IDENTIFYING cyan potion
  3906 | D:6      | 3906 ||| DROPPING potion of flight.
  3964 | D:7      | 3964 ||| Stepping ~*~*~tactically~*~*~ (hiding).
  3969 | D:7      | 3969 ||| INVOKING Fiery Armour.
  3971 | D:7      | 3971 ||| Stepping ~*~*~tactically~*~*~ (outnumbered).
  3975 | D:7      | 3975 ||| Stepping ~*~*~tactically~*~*~ (outnumbered).
  4079 | D:7      | Found Guan's Armour Emporium.
  4085 | D:7      | 4085 ||| Stepping ~*~*~tactically~*~*~ (stealth).
  4092 | D:7      | Reached skill level 11 in Unarmed Combat
  4100 | D:7      | 4100 ||| BUYING +1 cloak "Anlaenam" {-Cast Rampage Str+2}
                  | (164 gold).
  4100 | D:7      | Bought the +1 cloak "Anlaenam" {-Cast Rampage Str+2} for
                  | 164 gold pieces
  4165 | D:7      | Found a shimmering altar of Xom.
  4165 | D:7      | Found a shimmering altar of Xom.
  4165 | D:7      | Found a shimmering altar of Xom.
  4167 | D:7      | 4167 ||| Stepping ~*~*~tactically~*~*~ (hiding).
  4169 | D:7      | Found a shimmering altar of Xom.
  4171 | D:7      | Found a shimmering altar of Xom.
  4179 | D:7      | Found a shimmering altar of Xom.
  4180 | D:7      | Found a shimmering altar of Xom.
  4180 | D:7      | Found a shimmering altar of Xom.
  4183 | D:7      | Found a shimmering altar of Xom.
  4286 | D:7      | Found a flagged portal.
  4553 | D:7      | Found Oskorch's Distillery.
  4561 | D:7      | 4561 ||| BUYING potion of curing (30 gold).
  4561 | D:7      | Bought a potion of curing for 30 gold pieces
  4561 | D:7      | 4561 ||| SHOPLISTING potion of curing (30 gold, have 23).
  4561 | D:7      | 4561 ||| SHOPLISTING potion of might (40 gold, have 23).
  4654 | D:7      | Found Uhiyho's Jewellery Emporium.
  4661 | D:7      | 4661 ||| SHOPLISTING amulet of reflection (390 gold, have
                  | 23).
  4661 | D:7      | 4661 ||| SHOPLISTING amulet of regeneration (390 gold, have
                  | 23).
  4661 | D:7      | 4661 ||| SHOPLISTING amulet of the acrobat (390 gold, have
                  | 23).
  4661 | D:7      | 4661 ||| SHOPLISTING ring "Pugitu" {Fire Fly Str+2 Int-5}
                  | (361 gold, have 23).
  4668 | D:7      | 4668 ||| UPGRADING to +1 cloak "Anlaenam" {-Cast Rampage
                  | Str+2}.
  4678 | D:7      | 4678 ||| DROPPING +0 cloak.
  4679 | D:7      | 4679 ||| DRINKING 2 yellow potions.
  4680 | D:7      | 4680 ||| DROPPING potion of brilliance.
  4826 | D:8      | 4826 ||| Stepping ~*~*~tactically~*~*~ (hiding).
  4979 | D:8      | 4979 ||| FLEEEEING.
  4981 | D:8      | 4981 ||| Stepping ~*~*~tactically~*~*~ (outnumbered).
  5065 | D:8      | Identified the +0 helmet "Riadudoq" {SInv}
  5071 | D:8      | Identified the +7 sling "Ymeyqoo" {freeze, rCorr Str+3
                  | Dex+2}
  5196 | D:8      | Reached skill level 12 in Unarmed Combat
  5313 | D:8      | 5313 ||| Stepping ~*~*~tactically~*~*~ (hiding).
  5320 | D:8      | Reached skill level 3 in Armour
  5460 | D:8      | 5460 ||| Stepping ~*~*~tactically~*~*~ (hiding).
  5523 | D:8      | 5523 ||| Stepping ~*~*~tactically~*~*~ (hiding).
  5911 | D:8      | Reached XP level 10. HP: 94/94 MP: 10/10
  5956 | D:8      | 5956 ||| UPGRADING to +0 kite shield.
  5961 | D:8      | 5961 ||| READING 2 scrolls of identify.
  5961 | D:8      | 5961 ||| IDENTIFYING dark potion
  6014 | D:9      | Reached skill level 1 in Shields
  6065 | D:9      | Found a stormy altar of Qazlal.
  6111 | D:9      | 6111 ||| Stepping ~*~*~tactically~*~*~ (hiding).
  6112 | D:9      | 6112 ||| Stepping ~*~*~tactically~*~*~ (hiding).
  6145 | D:9      | 6145 ||| Stepping ~*~*~tactically~*~*~ (stealth).
  6155 | D:9      | Reached skill level 3 in Shields
  6170 | D:9      | Found a staircase to the Lair.
  6269 | D:9      | Noticed a two-headed ogre
  6276 | D:9      | Killed a two-headed ogre
  6335 | D:9      | Found a glowing silver altar of Zin.
  6335 | D:9      | Found an opulent altar of Gozag.
  6607 | D:9      | 6607 ||| DROPPING ring of ice.
  6608 | D:9      | 6608 ||| PLANNING LAIR
  6628 | Lair:1   | Entered Level 1 of the Lair of Beasts
  6653 | Lair:1   | Noticed a cane toad
  6654 | Lair:1   | Noticed a cane toad
  6655 | Lair:1   | 6655 ||| INVOKING Fiery Armour.
  6656 | Lair:1   | 6656 ||| Stepping ~*~*~tactically~*~*~ (outnumbered).
  6664 | Lair:1   | 6664 ||| Stepping ~*~*~tactically~*~*~ (outnumbered).
  6665 | Lair:1   | 6665 ||| Stepping ~*~*~tactically~*~*~ (outnumbered).
  6671 | Lair:1   | Killed a cane toad
  6672 | Lair:1   | Reached skill level 6 in Shields
  6679 | Lair:1   | Killed a cane toad
  6780 | Lair:1   | 6780 ||| Stepping ~*~*~tactically~*~*~ (hiding).
  7042 | Lair:1   | 7042 ||| Stepping ~*~*~tactically~*~*~ (stealth).
  7043 | Lair:1   | 7043 ||| Stepping ~*~*~tactically~*~*~ (stealth).
  7044 | Lair:1   | 7044 ||| Stepping ~*~*~tactically~*~*~ (stealth).
  7045 | Lair:1   | 7045 ||| Stepping ~*~*~tactically~*~*~ (stealth).
  7046 | Lair:1   | 7046 ||| Stepping ~*~*~tactically~*~*~ (stealth).
  7054 | Lair:1   | 7054 ||| Stepping ~*~*~tactically~*~*~ (stealth).
  7062 | Lair:1   | 7062 ||| Stepping ~*~*~tactically~*~*~ (outnumbered).
  7063 | Lair:1   | 7063 ||| Stepping ~*~*~tactically~*~*~ (outnumbered).
  7064 | Lair:1   | 7064 ||| Stepping ~*~*~tactically~*~*~ (outnumbered).
  7065 | Lair:1   | 7065 ||| Stepping ~*~*~tactically~*~*~ (outnumbered).
  7066 | Lair:1   | 7066 ||| Stepping ~*~*~tactically~*~*~ (outnumbered).
  7067 | Lair:1   | 7067 ||| Stepping ~*~*~tactically~*~*~ (outnumbered).
  7068 | Lair:1   | 7068 ||| Stepping ~*~*~tactically~*~*~ (outnumbered).
  7126 | Lair:1   | 7126 ||| INVOKING Fiery Armour.
  7131 | Lair:1   | Reached XP level 11. HP: 101/101 MP: 11/11
  7203 | Lair:1   | 7203 ||| Stepping ~*~*~tactically~*~*~ (outnumbered).
  7217 | Lair:1   | Reached skill level 9 in Shields
  7691 | Lair:1   | 7691 ||| READING scroll labelled YPHUCU IFELOSK.
  7692 | Lair:1   | 7692 ||| DRINKING 2 smoky puce potions.
  7693 | Lair:1   | 7693 ||| DROPPING potion of attraction.
  7694 | Lair:1   | 7694 ||| READING 2 scrolls of teleportation.
  7767 | Lair:2   | 7767 ||| INVOKING Fiery Armour.
  7896 | Lair:2   | Noticed a four-headed hydra
  7897 | Lair:2   | 7897 ||| INVOKING Fiery Armour.
  7904 | Lair:2   | Killed a seven-headed hydra
  7905 | Lair:2   | Reached skill level 13 in Unarmed Combat
  7986 | Lair:2   | 7986 ||| Stepping ~*~*~tactically~*~*~ (stealth).
  8058 | Lair:2   | Found a staircase to the Snake Pit.
  8073 | Lair:2   | 8073 ||| INVOKING Fiery Armour.
  8078 | Lair:2   | HP: 22/102 [naga/+0 trident (17)]
  8382 | Lair:2   | 8382 ||| READING 4 scrolls of identify.
  8382 | Lair:2   | 8382 ||| IDENTIFYING ruby potion
  8383 | Lair:2   | 8383 ||| READING 3 scrolls of identify.
  8383 | Lair:2   | 8383 ||| IDENTIFYING viscous puce potion
  8384 | Lair:2   | 8384 ||| READING 2 scrolls of identify.
  8384 | Lair:2   | 8384 ||| IDENTIFYING emerald potion
  8385 | Lair:2   | 8385 ||| DROPPING potion of magic.
  8386 | Lair:2   | 8386 ||| DROPPING potion of degeneration.
  8401 | Lair:3   | Noticed a boulder beetle
  8402 | Lair:3   | 8402 ||| STAIRDANCE
  8404 | Lair:2   | 8404 ||| INVOKING Fiery Armour.
  8414 | Lair:2   | Killed a boulder beetle
  8442 | Lair:3   | Noticed a five-headed hydra
  8448 | Lair:3   | Killed a seven-headed hydra
  8459 | Lair:3   | 8459 ||| Stepping ~*~*~tactically~*~*~ (outnumbered).
  8460 | Lair:3   | 8460 ||| Stepping ~*~*~tactically~*~*~ (outnumbered).
  8462 | Lair:3   | Found a staircase to the Shoals.
  8548 | Lair:3   | 8548 ||| Stepping ~*~*~tactically~*~*~ (stealth).
  8550 | Lair:3   | 8550 ||| INVOKING Fiery Armour.
  8551 | Lair:3   | 8551 ||| Stepping ~*~*~tactically~*~*~ (stealth).
  8555 | Lair:3   | Reached XP level 12. HP: 111/111 MP: 12/12
  8556 | Lair:3   | Reached skill level 14 in Unarmed Combat
  8600 | Lair:3   | Reached skill level 6 in Fighting
  8607 | Lair:3   | 8607 ||| Stepping ~*~*~tactically~*~*~ (stealth).
  8609 | Lair:3   | 8609 ||| Stepping ~*~*~tactically~*~*~ (stealth).
  8644 | Lair:3   | 8644 ||| FLEEEEING.
  8645 | Lair:3   | 8645 ||| FLEEEEING.
  8646 | Lair:3   | 8646 ||| FLEEEEING.
  8742 | Lair:3   | 8742 ||| Stepping ~*~*~tactically~*~*~ (stealth).
  8758 | Lair:3   | 8758 ||| INVOKING Fiery Armour.
  8836 | Lair:3   | 8836 ||| Stepping ~*~*~tactically~*~*~ (stealth).
  8847 | Lair:3   | 8847 ||| Stepping ~*~*~tactically~*~*~ (outnumbered).
  8953 | Lair:3   | 8953 ||| INVOKING Fiery Armour.
  8954 | Lair:3   | 8954 ||| Stepping ~*~*~tactically~*~*~ (outnumbered).
  8955 | Lair:3   | 8955 ||| Stepping ~*~*~tactically~*~*~ (outnumbered).
  8956 | Lair:3   | 8956 ||| Stepping ~*~*~tactically~*~*~ (outnumbered).
  8957 | Lair:3   | 8957 ||| Stepping ~*~*~tactically~*~*~ (outnumbered).
  8958 | Lair:3   | 8958 ||| Stepping ~*~*~tactically~*~*~ (outnumbered).
  8959 | Lair:3   | 8959 ||| Stepping ~*~*~tactically~*~*~ (outnumbered).
  8960 | Lair:3   | 8960 ||| Stepping ~*~*~tactically~*~*~ (outnumbered).
  8961 | Lair:3   | 8961 ||| Stepping ~*~*~tactically~*~*~ (outnumbered).
  8962 | Lair:3   | 8962 ||| Stepping ~*~*~tactically~*~*~ (outnumbered).
  8963 | Lair:3   | 8963 ||| Stepping ~*~*~tactically~*~*~ (outnumbered).
  8964 | Lair:3   | 8964 ||| Stepping ~*~*~tactically~*~*~ (outnumbered).
  8965 | Lair:3   | 8965 ||| Stepping ~*~*~tactically~*~*~ (outnumbered).
  8966 | Lair:3   | 8966 ||| Stepping ~*~*~tactically~*~*~ (outnumbered).
  8967 | Lair:3   | 8967 ||| Stepping ~*~*~tactically~*~*~ (outnumbered).
  8968 | Lair:3   | 8968 ||| Stepping ~*~*~tactically~*~*~ (outnumbered).
  8969 | Lair:3   | 8969 ||| Stepping ~*~*~tactically~*~*~ (outnumbered).
  8970 | Lair:3   | 8970 ||| Stepping ~*~*~tactically~*~*~ (outnumbered).
  8971 | Lair:3   | 8971 ||| Stepping ~*~*~tactically~*~*~ (outnumbered).
  8972 | Lair:3   | 8972 ||| Stepping ~*~*~tactically~*~*~ (outnumbered).
  8973 | Lair:3   | 8973 ||| Stepping ~*~*~tactically~*~*~ (outnumbered).
  8974 | Lair:3   | 8974 ||| Stepping ~*~*~tactically~*~*~ (outnumbered).
  8975 | Lair:3   | 8975 ||| Stepping ~*~*~tactically~*~*~ (outnumbered).
  8976 | Lair:3   | 8976 ||| Stepping ~*~*~tactically~*~*~ (outnumbered).
  8977 | Lair:3   | 8977 ||| Stepping ~*~*~tactically~*~*~ (outnumbered).
  8978 | Lair:3   | 8978 ||| Stepping ~*~*~tactically~*~*~ (outnumbered).
  8979 | Lair:3   | 8979 ||| Stepping ~*~*~tactically~*~*~ (outnumbered).
  8980 | Lair:3   | 8980 ||| Stepping ~*~*~tactically~*~*~ (outnumbered).
  8981 | Lair:3   | 8981 ||| Stepping ~*~*~tactically~*~*~ (outnumbered).
  8982 | Lair:3   | 8982 ||| Stepping ~*~*~tactically~*~*~ (outnumbered).
  8983 | Lair:3   | 8983 ||| Stepping ~*~*~tactically~*~*~ (outnumbered).
  8984 | Lair:3   | 8984 ||| Stepping ~*~*~tactically~*~*~ (outnumbered).
  8985 | Lair:3   | 8985 ||| Stepping ~*~*~tactically~*~*~ (outnumbered).
  8986 | Lair:3   | 8986 ||| Stepping ~*~*~tactically~*~*~ (outnumbered).
  8987 | Lair:3   | 8987 ||| Stepping ~*~*~tactically~*~*~ (outnumbered).
  8988 | Lair:3   | 8988 ||| Stepping ~*~*~tactically~*~*~ (outnumbered).
  9004 | Lair:3   | Reached skill level 15 in Unarmed Combat
  9020 | Lair:3   | 9020 ||| PLANNING TEMPLE
  9169 | Temple   | Entered the Ecumenical Temple
  9187 | Temple   | 9187 ||| PLANNING CONVERSION TO OKAWARU
  9189 | Temple   | Fell from the grace of Ignis
  9189 | Temple   | Became a worshipper of Warmaster Okawaru
  9190 | Temple   | 9190 ||| PLANNING LAIR
  9416 | Lair:3   | Noticed a death yak
  9416 | Lair:3   | Noticed a death yak
  9416 | Lair:3   | Noticed a death yak
  9417 | Lair:3   | Noticed a death yak
  9422 | Lair:3   | 9422 ||| Stepping ~*~*~tactically~*~*~ (outnumbered).
  9423 | Lair:3   | 9423 ||| Stepping ~*~*~tactically~*~*~ (outnumbered).
  9424 | Lair:3   | 9424 ||| Stepping ~*~*~tactically~*~*~ (outnumbered).
  9425 | Lair:3   | 9425 ||| Stepping ~*~*~tactically~*~*~ (outnumbered).
  9426 | Lair:3   | 9426 ||| Stepping ~*~*~tactically~*~*~ (outnumbered).
  9427 | Lair:3   | 9427 ||| Stepping ~*~*~tactically~*~*~ (outnumbered).
  9428 | Lair:3   | 9428 ||| Stepping ~*~*~tactically~*~*~ (outnumbered).
  9429 | Lair:3   | 9429 ||| Stepping ~*~*~tactically~*~*~ (outnumbered).
  9440 | Lair:3   | Killed a death yak
  9445 | Lair:3   | Killed a death yak
  9445 | Lair:3   | Reached * piety under Okawaru
  9446 | Lair:3   | 9446 ||| INVOKING Heroism.
  9448 | Lair:3   | HP: 25/114 [death yak (7)]
  9449 | Lair:3   | 9449 ||| READING 2 scrolls of teleportation.
  9450 | Lair:3   | 9450 ||| DRINKING 3 potions of heal wounds.
  9543 | Lair:3   | 9543 ||| INVOKING Heroism.
  9552 | Lair:3   | 9552 ||| Stepping ~*~*~tactically~*~*~ (outnumbered).
  9553 | Lair:3   | 9553 ||| Stepping ~*~*~tactically~*~*~ (outnumbered).
  9554 | Lair:3   | Killed a death yak
  9555 | Lair:3   | Reached skill level 1 in Invocations
  9555 | Lair:3   | 9555 ||| INVOKING Heroism.
  9561 | Lair:3   | Killed a death yak
  9631 | Lair:3   | 9631 ||| Stepping ~*~*~tactically~*~*~ (stealth).
  9686 | Lair:3   | 9686 ||| READING 4 scrolls labelled CIFAXYD JAROE.
  9687 | Lair:3   | 9687 ||| DROPPING 3 scrolls of amnesia.
  9728 | Lair:4   | Found a runed translucent door.
  9728 | Lair:4   | Noticed qw's ghost (journeyman TrCA)
  9756 | Lair:4   | 9756 ||| Stepping ~*~*~tactically~*~*~ (stealth).
  9757 | Lair:4   | 9757 ||| Stepping ~*~*~tactically~*~*~ (stealth).
  9769 | Lair:4   | 9769 ||| Stepping ~*~*~tactically~*~*~ (outnumbered).
  9770 | Lair:4   | 9770 ||| Stepping ~*~*~tactically~*~*~ (outnumbered).
  9771 | Lair:4   | Reached ** piety under Okawaru
  9776 | Lair:4   | 9776 ||| Stepping ~*~*~tactically~*~*~ (outnumbered).
  9779 | Lair:4   | Reached skill level 3 in Invocations
 10001 | Lair:4   | 10001 ||| INVOKING Heroism.
 10025 | Lair:4   | 10025 ||| Stepping ~*~*~tactically~*~*~ (stealth).
 10028 | Lair:4   | You fall into a shaft and drop 1 floor!
 10028 | Lair:5   | Entered Level 5 of the Lair of Beasts
 10031 | Lair:5   | 10031 ||| DRINKING 2 potions of cancellation.
 10034 | Lair:5   | 10034 ||| DRINKING potion of cancellation.
 10063 | Lair:5   | Noticed a boulder beetle
 10064 | Lair:5   | 10064 ||| INVOKING Heroism.
 10067 | Lair:5   | Reached *** piety under Okawaru
 10076 | Lair:5   | 10076 ||| INVOKING Heroism.
 10087 | Lair:5   | Killed a boulder beetle
 10088 | Lair:5   | Reached XP level 13. HP: 116/120 MP: 11/15
 10109 | Lair:5   | 10109 ||| INVOKING Heroism.
 10169 | Lair:5   | 10169 ||| INVOKING Heroism.
 10201 | Lair:5   | 10201 ||| INVOKING Heroism.
 10221 | Lair:5   | 10221 ||| Stepping ~*~*~tactically~*~*~ (cloud).
 10222 | Lair:5   | 10222 ||| INVOKING Heroism.
 10226 | Lair:5   | Reached skill level 16 in Unarmed Combat
 10268 | Lair:5   | Identified the +5 war axe of Hyezaxih {vamp, Drain rPois
                  | rN+}
 10272 | Lair:5   | 10272 ||| INVOKING Heroism.
 10283 | Lair:5   | Reached **** piety under Okawaru
 10360 | Lair:5   | 10360 ||| INVOKING Heroism.
 10364 | Lair:5   | 10364 ||| Stepping ~*~*~tactically~*~*~ (outnumbered).
 10365 | Lair:5   | 10365 ||| Stepping ~*~*~tactically~*~*~ (outnumbered).
 10367 | Lair:5   | 10367 ||| Stepping ~*~*~tactically~*~*~ (outnumbered).
 10368 | Lair:5   | 10368 ||| Stepping ~*~*~tactically~*~*~ (outnumbered).
 10394 | Lair:5   | Found a viscous altar of Jiyva.
 10394 | Lair:5   | Found a staircase to the Slime Pits.
 10399 | Lair:5   | 10399 ||| DROPPING ring of fire.
 10400 | Lair:5   | 10400 ||| READING scroll labelled YSUIMA BOESSAU.
 10427 | Lair:4   | 10427 ||| INVOKING Heroism.
 10498 | Lair:4   | 10498 ||| Stepping ~*~*~tactically~*~*~ (stealth).
 10499 | Lair:4   | 10499 ||| Stepping ~*~*~tactically~*~*~ (stealth).
 10500 | Lair:4   | 10500 ||| Stepping ~*~*~tactically~*~*~ (stealth).
 10593 | Lair:4   | 10593 ||| INVOKING Heroism.
 10641 | Lair:4   | 10641 ||| Stepping ~*~*~tactically~*~*~ (stealth).
 10649 | Lair:4   | 10649 ||| Stepping ~*~*~tactically~*~*~ (stealth).
 10651 | Lair:4   | 10651 ||| Stepping ~*~*~tactically~*~*~ (stealth).
 10654 | Lair:4   | 10654 ||| Stepping ~*~*~tactically~*~*~ (outnumbered).
 10658 | Lair:4   | 10658 ||| Stepping ~*~*~tactically~*~*~ (outnumbered).
 10659 | Lair:4   | 10659 ||| Stepping ~*~*~tactically~*~*~ (outnumbered).
 10660 | Lair:4   | 10660 ||| Stepping ~*~*~tactically~*~*~ (outnumbered).
 10661 | Lair:4   | 10661 ||| Stepping ~*~*~tactically~*~*~ (outnumbered).
 10685 | Lair:4   | 10685 ||| INVOKING Heroism.
 10735 | Lair:4   | You fall into a shaft and drop 1 floor!
 10812 | Lair:4   | 10812 ||| INVOKING Heroism.
 10889 | Lair:4   | You fall into a shaft and drop 1 floor!
 11124 | Lair:4   | 11124 ||| Stepping ~*~*~tactically~*~*~ (stealth).
 11154 | Lair:4   | 11154 ||| DRINKING 5 potions of curing.
 11154 | Lair:4   | 11154 ||| (to cure confusion)
 11158 | Lair:4   | 11158 ||| INVOKING Heroism.
 11269 | Lair:4   | 11269 ||| READING 4 scrolls of teleportation.
 11324 | Lair:5   | 11324 ||| INVOKING Heroism.
 11451 | Lair:5   | 11451 ||| Stepping ~*~*~tactically~*~*~ (hiding).
 11465 | Lair:5   | 11465 ||| FLEEEEING.
 11467 | Lair:5   | 11467 ||| FLEEEEING.
 11468 | Lair:5   | 11468 ||| FLEEEEING.
 11509 | Lair:5   | 11509 ||| Stepping ~*~*~tactically~*~*~ (stealth).
 11511 | Lair:5   | 11511 ||| Stepping ~*~*~tactically~*~*~ (hiding).
 11513 | Lair:5   | 11513 ||| Stepping ~*~*~tactically~*~*~ (hiding).
 11515 | Lair:5   | 11515 ||| INVOKING Heroism.
 11523 | Lair:5   | 11523 ||| DRINKING 4 potions of curing.
 11523 | Lair:5   | 11523 ||| (to cure confusion)
 11527 | Lair:5   | Reached skill level 6 in Invocations
 11535 | Lair:5   | 11535 ||| Stepping ~*~*~tactically~*~*~ (stealth).
 11546 | Lair:5   | 11546 ||| INVOKING Heroism.
 11568 | Lair:5   | 11568 ||| Stepping ~*~*~tactically~*~*~ (stealth).
 11597 | Lair:5   | Noticed a fire dragon
 11598 | Lair:5   | 11598 ||| Stepping ~*~*~tactically~*~*~ (cloud).
 11601 | Lair:5   | 11601 ||| INVOKING Heroism.
 11602 | Lair:5   | 11602 ||| Stepping randomly (cloudy).
 11606 | Lair:5   | 11606 ||| Stepping ~*~*~tactically~*~*~ (cloud).
 11607 | Lair:5   | 11607 ||| Stepping ~*~*~tactically~*~*~ (cloud).
 11654 | Lair:5   | 11654 ||| Stepping ~*~*~tactically~*~*~ (stealth).
 11682 | Lair:5   | 11682 ||| INVOKING Heroism.
 11688 | Lair:5   | 11688 ||| Stepping randomly (cloudy).
 11690 | Lair:5   | HP: 29/124 [fire dragon (3)]
 11691 | Lair:5   | 11691 ||| READING 3 scrolls of teleportation.
 11692 | Lair:5   | 11692 ||| DRINKING 4 potions of heal wounds.
 11692 | Lair:5   | HP: 8/124 [fire dragon/blast of flame (35)]
 11693 | Lair:5   | 11693 ||| DRINKING 3 potions of heal wounds.
 11694 | Lair:5   | 11694 ||| DRINKING 2 potions of heal wounds.
 11853 | Lair:5   | 11853 ||| Stepping ~*~*~tactically~*~*~ (stealth).
 11874 | Lair:5   | 11874 ||| Stepping ~*~*~tactically~*~*~ (hiding).
 11885 | Lair:5   | 11885 ||| INVOKING Heroism.
 11899 | Lair:5   | 11899 ||| Stepping ~*~*~tactically~*~*~ (hiding).
 12009 | Lair:5   | 12009 ||| Stepping ~*~*~tactically~*~*~ (hiding).
 12010 | Lair:5   | 12010 ||| INVOKING Heroism.
 12039 | Lair:5   | 12039 ||| Stepping ~*~*~tactically~*~*~ (outnumbered).
 12040 | Lair:5   | 12040 ||| Stepping ~*~*~tactically~*~*~ (stealth).
 12042 | Lair:5   | 12042 ||| INVOKING Heroism.
 12043 | Lair:5   | 12043 ||| Stepping ~*~*~tactically~*~*~ (outnumbered).
 12045 | Lair:5   | 12045 ||| Stepping ~*~*~tactically~*~*~ (outnumbered).
 12046 | Lair:5   | Received a gift from Okawaru
 12068 | Lair:5   | Received a gift from Okawaru
 12107 | Lair:5   | 12107 ||| Stepping ~*~*~tactically~*~*~ (stealth).
 12109 | Lair:5   | 12109 ||| Stepping ~*~*~tactically~*~*~ (hiding).
 12110 | Lair:5   | 12110 ||| INVOKING Heroism.
 12184 | Lair:5   | Reached ***** piety under Okawaru
 12223 | Lair:5   | 12223 ||| INVOKING Heroism.
 12224 | Lair:5   | 12224 ||| Stepping ~*~*~tactically~*~*~ (outnumbered).
 12227 | Lair:5   | 12227 ||| Stepping ~*~*~tactically~*~*~ (outnumbered).
 12257 | Lair:5   | 12257 ||| Stepping ~*~*~tactically~*~*~ (stealth).
 12258 | Lair:5   | 12258 ||| Stepping ~*~*~tactically~*~*~ (stealth).
 12260 | Lair:5   | 12260 ||| Stepping ~*~*~tactically~*~*~ (stealth).
 12261 | Lair:5   | 12261 ||| Stepping ~*~*~tactically~*~*~ (stealth).
 12266 | Lair:5   | 12266 ||| INVOKING Heroism.
 12269 | Lair:5   | Received a gift from Okawaru
 12270 | Lair:5   | Reached XP level 14. HP: 89/133 MP: 15/18
 12274 | Lair:5   | Reached skill level 17 in Unarmed Combat
 12281 | Lair:5   | 12281 ||| Stepping ~*~*~tactically~*~*~ (stealth).
 12304 | Lair:5   | Was forgiven by Ignis
 12333 | Lair:5   | 12333 ||| Stepping ~*~*~tactically~*~*~ (hiding).
 12334 | Lair:5   | 12334 ||| Stepping ~*~*~tactically~*~*~ (hiding).
 12569 | Lair:5   | 12569 ||| INVOKING Heroism.
 12570 | Lair:5   | 12570 ||| INVOKING Finesse.
 12571 | Lair:5   | 12571 ||| INVOKING Finesse.
 12635 | Lair:5   | 12635 ||| READING scroll of acquirement.
 12635 | Lair:5   | 12635 ||| ACQUIRING +1 pearl dragon scales "Juogofom"
                  | {Drain rF+++ rN+ Str+3 Int+4}
 12635 | Lair:5   | Acquired the +1 pearl dragon scales "Juogofom" {Drain rF+++
                  | rN+ Str+3 Int+4}
 12637 | Lair:5   | 12637 ||| UPGRADING to +1 pearl dragon scales "Juogofom"
                  | {Drain rF+++ rN+ Str+3 Int+4}.
 12647 | Lair:5   | 12647 ||| DROPPING quicksilver dragon scales "Kivuuqok"
                  | {rF+ Will+ Int+2}.
 12700 | Lair:5   | 12700 ||| PLANNING D:1-11
 12700 | Lair:5   | 12700 ||| DROPPING ring of resist corrosion.
 12701 | Lair:5   | 12701 ||| READING scroll labelled DUS QENIXU.
 12825 | D:10     | Entered Level 10 of the Dungeon
 12825 | D:10     | Noticed Joseph
 12834 | D:10     | Killed Joseph
 13000 | D:10     | Noticed Josephine
 13006 | D:10     | Killed Josephine
 13083 | D:10     | 13083 ||| DRINKING 5 potions of curing.
 13083 | D:10     | 13083 ||| (to cure confusion)
 13171 | D:10     | Received a gift from Okawaru
 13402 | D:10     | 13402 ||| DRINKING 2 orange potions.
 13421 | D:10     | 13421 ||| DROPPING potion of lignification.
 13442 | D:11     | You fall into a shaft and drop 3 floors!
 13569 | D:12     | 13569 ||| Stepping ~*~*~tactically~*~*~ (stealth).
 13653 | D:11     | 13653 ||| FLEEEEING.
 13654 | D:11     | 13654 ||| FLEEEEING.
 13655 | D:11     | 13655 ||| FLEEEEING.
 13656 | D:11     | 13656 ||| FLEEEEING.
 13657 | D:11     | 13657 ||| FLEEEEING.
 13658 | D:11     | 13658 ||| FLEEEEING.
 13659 | D:11     | 13659 ||| FLEEEEING.
 13660 | D:11     | 13660 ||| FLEEEEING.
 13661 | D:11     | 13661 ||| FLEEEEING.
 13662 | D:11     | 13662 ||| FLEEEEING.
 13663 | D:11     | 13663 ||| FLEEEEING.
 13664 | D:11     | 13664 ||| FLEEEEING.
 13665 | D:11     | 13665 ||| FLEEEEING.
 13682 | D:11     | 13682 ||| Stepping ~*~*~tactically~*~*~ (stealth).
 13710 | D:11     | 13710 ||| INVOKING Heroism.
 13715 | D:11     | 13715 ||| Stepping ~*~*~tactically~*~*~ (outnumbered).
 13733 | D:11     | Found a staircase to the Orcish Mines.
 13818 | D:11     | Found Detir's Weapon Boutique.
 13863 | D:11     | Received a gift from Okawaru
 14104 | D:11     | 14104 ||| Stepping ~*~*~tactically~*~*~ (stealth).
 14109 | D:11     | 14109 ||| INVOKING Heroism.
 14115 | D:11     | 14115 ||| Stepping ~*~*~tactically~*~*~ (stealth).
 14180 | D:11     | 14180 ||| PLANNING D
 14180 | D:11     | 14180 ||| READING scroll labelled HEWIMM WIBRI.
 14181 | D:11     | 14181 ||| READING 9 scrolls of identify.
 14181 | D:11     | 14181 ||| IDENTIFYING fuming golden potion
 14182 | D:11     | 14182 ||| DROPPING potion of ambrosia.
 14258 | D:12     | 14258 ||| INVOKING Heroism.
 14264 | D:12     | Received a gift from Okawaru
 14389 | D:12     | 14389 ||| Stepping ~*~*~tactically~*~*~ (hiding).
 14457 | D:12     | 14457 ||| Stepping ~*~*~tactically~*~*~ (outnumbered).
 14458 | D:12     | 14458 ||| Stepping ~*~*~tactically~*~*~ (outnumbered).
 14807 | D:13     | 14807 ||| Stepping ~*~*~tactically~*~*~ (outnumbered).
 14808 | D:13     | 14808 ||| Stepping ~*~*~tactically~*~*~ (outnumbered).
 14809 | D:13     | 14809 ||| STAIRDANCE
 14857 | D:13     | 14857 ||| STAIRDANCE
 14912 | D:13     | Found a gate to the Vaults.
 14917 | D:13     | Reached skill level 9 in Invocations
 14952 | D:13     | Noticed Rupert
 14953 | D:13     | 14953 ||| Stepping ~*~*~tactically~*~*~ (stealth).
 14955 | D:13     | 14955 ||| Stepping ~*~*~tactically~*~*~ (stealth).
 14959 | D:13     | 14959 ||| INVOKING Heroism.
 14960 | D:13     | 14960 ||| INVOKING Finesse.
 14961 | D:13     | 14961 ||| Stepping ~*~*~tactically~*~*~ (outnumbered).
 14964 | D:13     | 14964 ||| Stepping ~*~*~tactically~*~*~ (outnumbered).
 14965 | D:13     | 14965 ||| Stepping ~*~*~tactically~*~*~ (outnumbered).
 14966 | D:13     | 14966 ||| Stepping ~*~*~tactically~*~*~ (outnumbered).
 14967 | D:13     | 14967 ||| Stepping ~*~*~tactically~*~*~ (outnumbered).
 14977 | D:13     | Killed Rupert
 14978 | D:13     | 14978 ||| FLEEEEING.
 14979 | D:13     | 14979 ||| FLEEEEING.
 14980 | D:13     | 14980 ||| FLEEEEING.
 14981 | D:13     | 14981 ||| FLEEEEING.
 14982 | D:13     | 14982 ||| STAIRDANCE
 15055 | D:13     | 15055 ||| STAIRDANCE
 15061 | D:13     | 15061 ||| STAIRDANCE
 15075 | D:13     | 15075 ||| Stepping ~*~*~tactically~*~*~ (outnumbered).
 15076 | D:13     | 15076 ||| Stepping ~*~*~tactically~*~*~ (outnumbered).
 15081 | D:13     | 15081 ||| Stepping ~*~*~tactically~*~*~ (outnumbered).
 15202 | D:13     | Identified the +0 ring mail "Lennigh" {rF+ rN+}
 15227 | D:13     | 15227 ||| Stepping ~*~*~tactically~*~*~ (hiding).
 15229 | D:13     | 15229 ||| Stepping ~*~*~tactically~*~*~ (hiding).
 15242 | D:13     | 15242 ||| INVOKING Heroism.
 15277 | D:13     | 15277 ||| Stepping ~*~*~tactically~*~*~ (hiding).
 15279 | D:13     | 15279 ||| Stepping ~*~*~tactically~*~*~ (hiding).
 15399 | D:13     | Identified the ring of Wishful Thinking {rElec rF- rC+ rN+
                  | rCorr}
 15579 | D:13     | 15579 ||| Stepping ~*~*~tactically~*~*~ (outnumbered).
 15697 | D:13     | Noticed Erolcha
 15698 | D:13     | 15698 ||| Stepping ~*~*~tactically~*~*~ (hiding).
 15699 | D:13     | 15699 ||| Stepping ~*~*~tactically~*~*~ (hiding).
 15702 | D:13     | 15702 ||| INVOKING Heroism.
 15703 | D:13     | 15703 ||| INVOKING Finesse.
 15704 | D:13     | Killed Erolcha
 15790 | D:13     | 15790 ||| FLEEEEING.
 15816 | D:13     | 15816 ||| Stepping ~*~*~tactically~*~*~ (outnumbered).
 15905 | D:13     | Noticed Jorgrun
 15906 | D:13     | 15906 ||| Stepping ~*~*~tactically~*~*~ (hiding).
 15909 | D:13     | 15909 ||| INVOKING Heroism.
 15910 | D:13     | 15910 ||| INVOKING Finesse.
 15921 | D:13     | Killed Jorgrun
 15949 | D:13     | 15949 ||| Stepping ~*~*~tactically~*~*~ (stealth).
 15950 | D:13     | 15950 ||| Stepping ~*~*~tactically~*~*~ (stealth).
 15951 | D:13     | 15951 ||| Stepping ~*~*~tactically~*~*~ (stealth).
 15952 | D:13     | 15952 ||| INVOKING Heroism.
 15957 | D:13     | 15957 ||| INVOKING Finesse.
 15986 | D:13     | HP: 29/133 [ten-headed hydra[a boggart] (12)]
 15987 | D:13     | 15987 ||| READING 4 scrolls of teleportation.
 15987 | D:13     | HP: 9/133 [ten-headed hydra[a boggart] (9)]
 15987 | D:13     | HP: 4/133 [ten-headed hydra[a boggart] (5)]
 15988 | D:13     | 15988 ||| DRINKING 3 potions of heal wounds.
 15989 | D:13     | 15989 ||| DRINKING 2 potions of heal wounds.
 16083 | D:13     | 16083 ||| Invisible monster not found???
 16209 | D:13     | 16209 ||| INVOKING Heroism.
 16211 | D:13     | Received a gift from Okawaru
 16801 | D:13     | 16801 ||| UPGRADING to ring of Wishful Thinking {rElec rF-
                  | rC+ rN+ rCorr}.
 16803 | D:13     | 16803 ||| DROPPING +6 ring of intelligence.
 16804 | D:13     | 16804 ||| DROPPING ring of magical power.
 16844 | D:14     | Noticed Roxanne
 16844 | D:14     | Noticed Snorg
 16845 | D:14     | 16845 ||| INVOKING Heroism.
 16853 | D:14     | 16853 ||| Stepping ~*~*~tactically~*~*~ (outnumbered).
 16854 | D:14     | 16854 ||| Stepping ~*~*~tactically~*~*~ (outnumbered).
 16858 | D:14     | Killed Snorg
 16872 | D:14     | 16872 ||| INVOKING Heroism.
 16876 | D:14     | Reached skill level 6 in Throwing
 16949 | D:14     | 16949 ||| INVOKING Heroism.
 16950 | D:14     | 16950 ||| INVOKING Finesse.
 16957 | D:14     | Killed Roxanne
 17005 | D:14     | 17005 ||| Stepping ~*~*~tactically~*~*~ (stealth).
 17016 | D:14     | 17016 ||| INVOKING Heroism.
 17020 | D:14     | 17020 ||| Stepping ~*~*~tactically~*~*~ (outnumbered).
 17021 | D:14     | 17021 ||| Stepping ~*~*~tactically~*~*~ (outnumbered).
 17022 | D:14     | 17022 ||| Stepping ~*~*~tactically~*~*~ (outnumbered).
 17023 | D:14     | 17023 ||| Stepping ~*~*~tactically~*~*~ (outnumbered).
 17024 | D:14     | 17024 ||| Stepping ~*~*~tactically~*~*~ (outnumbered).
 17066 | D:14     | 17066 ||| INVOKING Heroism.
 17142 | D:14     | 17142 ||| Stepping ~*~*~tactically~*~*~ (hiding).
 17165 | D:14     | Noticed Nessos
 17166 | D:14     | 17166 ||| Stepping ~*~*~tactically~*~*~ (hiding).
 17169 | D:14     | 17169 ||| INVOKING Finesse.
 17173 | D:14     | 17173 ||| INVOKING Heroism.
 17178 | D:14     | Killed Nessos
 17243 | D:14     | 17243 ||| INVOKING Heroism.
 17247 | D:14     | 17247 ||| Stepping ~*~*~tactically~*~*~ (stealth).
 17255 | D:14     | 17255 ||| Stepping ~*~*~tactically~*~*~ (stealth).
 17260 | D:14     | 17260 ||| Stepping ~*~*~tactically~*~*~ (outnumbered).
 17266 | D:14     | 17266 ||| Stepping ~*~*~tactically~*~*~ (outnumbered).
 17268 | D:14     | 17268 ||| Stepping ~*~*~tactically~*~*~ (outnumbered).
 17280 | D:14     | Reached XP level 15. HP: 127/140 MP: 21/21
 17290 | D:14     | 17290 ||| INVOKING Heroism.
 17305 | D:14     | 17305 ||| Stepping ~*~*~tactically~*~*~ (outnumbered).
 17306 | D:14     | 17306 ||| Stepping ~*~*~tactically~*~*~ (hiding).
 17307 | D:14     | 17307 ||| Stepping ~*~*~tactically~*~*~ (hiding).
 17320 | D:14     | Received a gift from Okawaru
 17321 | D:14     | 17321 ||| Stepping ~*~*~tactically~*~*~ (outnumbered).
 17327 | D:14     | 17327 ||| Stepping ~*~*~tactically~*~*~ (outnumbered).
 17337 | D:14     | 17337 ||| Stepping ~*~*~tactically~*~*~ (hiding).
 17461 | D:14     | 17461 ||| Stepping ~*~*~tactically~*~*~ (hiding).
 17463 | D:14     | 17463 ||| Stepping ~*~*~tactically~*~*~ (hiding).
 17531 | D:14     | 17531 ||| Stepping randomly (disturbance).
 17568 | D:14     | Noticed Frances
 17571 | D:14     | 17571 ||| INVOKING Heroism.
 17584 | D:14     | Killed Frances
 17700 | D:14     | Identified the ring "Zaciaryt" {Dex+4 Slay+5 SInv}
 17797 | D:14     | Noticed Agnes
 17798 | D:14     | 17798 ||| INVOKING Heroism.
 17814 | D:14     | Killed Agnes
 17815 | D:14     | Reached skill level 18 in Unarmed Combat
 17972 | D:14     | 17972 ||| UPGRADING to ring "Zaciaryt" {Dex+4 Slay+5 SInv}.
 17974 | D:14     | 17974 ||| DROPPING +6 ring of strength.
 17975 | D:14     | 17975 ||| DROPPING ring of fire.
 17976 | D:14     | 17976 ||| DROPPING ring of wizardry.
 17977 | D:14     | 17977 ||| UPGRADING to ring of Wishful Thinking {rElec rF-
                  | rC+ rN+ rCorr}.
 17995 | D:15     | Entered Level 15 of the Dungeon
 18012 | D:15     | 18012 ||| Stepping ~*~*~tactically~*~*~ (stealth).
 18023 | D:15     | 18023 ||| FLEEEEING.
 18026 | D:15     | 18026 ||| FLEEEEING.
 18027 | D:15     | 18027 ||| FLEEEEING.
 18028 | D:15     | 18028 ||| FLEEEEING.
 18029 | D:15     | 18029 ||| FLEEEEING.
 18030 | D:15     | 18030 ||| FLEEEEING.
 18031 | D:15     | 18031 ||| FLEEEEING.
 18035 | D:15     | 18035 ||| STAIRDANCE
 18107 | D:15     | 18107 ||| FLEEEEING.
 18108 | D:15     | 18108 ||| STAIRDANCE
 18131 | D:15     | 18131 ||| FLEEEEING.
 18132 | D:15     | 18132 ||| STAIRDANCE
 18172 | D:15     | 18172 ||| STAIRDANCE
 18235 | D:15     | 18235 ||| INVOKING Heroism.
 18236 | D:15     | 18236 ||| INVOKING Finesse.
 18239 | D:15     | Reached skill level 3 in Dodging
 18326 | D:15     | Found a staircase to the Depths.
 18328 | D:15     | 18328 ||| INVOKING Heroism.
 18330 | D:15     | Received a gift from Okawaru
 18335 | D:15     | 18335 ||| Stepping ~*~*~tactically~*~*~ (outnumbered).
 18336 | D:15     | 18336 ||| Stepping ~*~*~tactically~*~*~ (outnumbered).
 18374 | D:15     | 18374 ||| Stepping ~*~*~tactically~*~*~ (hiding).
 18398 | D:15     | 18398 ||| INVOKING Heroism.
 18417 | D:15     | 18417 ||| READING scroll of enchant armour.
 18417 | D:15     | 18417 ||| ENCHANTING +1 hat.
 18468 | D:15     | 18468 ||| Stepping ~*~*~tactically~*~*~ (stealth).
 18470 | D:15     | 18470 ||| Stepping ~*~*~tactically~*~*~ (stealth).
 18472 | D:15     | 18472 ||| Stepping ~*~*~tactically~*~*~ (stealth).
 18474 | D:15     | Received a gift from Okawaru
 18481 | D:15     | 18481 ||| INVOKING Heroism.
 18482 | D:15     | 18482 ||| Stepping ~*~*~tactically~*~*~ (outnumbered).
 18483 | D:15     | 18483 ||| Stepping ~*~*~tactically~*~*~ (outnumbered).
 18484 | D:15     | 18484 ||| Stepping ~*~*~tactically~*~*~ (outnumbered).
 18527 | D:15     | 18527 ||| Stepping ~*~*~tactically~*~*~ (hiding).
 18936 | D:15     | 18936 ||| PLANNING ORC
 18936 | D:15     | 18936 ||| PLANNING ORC
 18936 | D:15     | 18936 ||| PLANNING ORC
 18936 | D:15     | 18936 ||| DROPPING +1 hat.
 19042 | Orc:1    | Entered Level 1 of the Orcish Mines
 19107 | Orc:1    | 19107 ||| Stepping ~*~*~tactically~*~*~ (hiding).
 19113 | Orc:1    | 19113 ||| INVOKING Heroism.
 19114 | Orc:1    | 19114 ||| Stepping ~*~*~tactically~*~*~ (outnumbered).
 19119 | Orc:1    | Received a gift from Okawaru
 19194 | Orc:2    | Entered Level 2 of the Orcish Mines
 19198 | Orc:2    | 19198 ||| STAIRDANCE
 19203 | Orc:2    | 19203 ||| STAIRDANCE
 19208 | Orc:2    | 19208 ||| STAIRDANCE
 19210 | Orc:1    | 19210 ||| Stepping ~*~*~tactically~*~*~ (outnumbered).
 19211 | Orc:1    | 19211 ||| Stepping ~*~*~tactically~*~*~ (outnumbered).
 19213 | Orc:1    | 19213 ||| Stepping ~*~*~tactically~*~*~ (outnumbered).
 19225 | Orc:2    | 19225 ||| STAIRDANCE
 19236 | Orc:2    | 19236 ||| STAIRDANCE
 19238 | Orc:1    | 19238 ||| Stepping ~*~*~tactically~*~*~ (outnumbered).
 19239 | Orc:1    | 19239 ||| Stepping ~*~*~tactically~*~*~ (outnumbered).
 19240 | Orc:1    | 19240 ||| Stepping ~*~*~tactically~*~*~ (outnumbered).
 19241 | Orc:1    | 19241 ||| Stepping ~*~*~tactically~*~*~ (outnumbered).
 19242 | Orc:1    | 19242 ||| Stepping ~*~*~tactically~*~*~ (outnumbered).
 19274 | Orc:2    | 19274 ||| STAIRDANCE
 19280 | Orc:1    | 19280 ||| INVOKING Heroism.
 19324 | Orc:2    | 19324 ||| STAIRDANCE
 19355 | Orc:2    | 19355 ||| INVOKING Heroism.
 19359 | Orc:2    | 19359 ||| Stepping ~*~*~tactically~*~*~ (outnumbered).
 19361 | Orc:2    | 19361 ||| Stepping ~*~*~tactically~*~*~ (outnumbered).
 19362 | Orc:2    | 19362 ||| Stepping ~*~*~tactically~*~*~ (outnumbered).
 19363 | Orc:2    | 19363 ||| Stepping ~*~*~tactically~*~*~ (outnumbered).
 19364 | Orc:2    | 19364 ||| Stepping ~*~*~tactically~*~*~ (outnumbered).
 19365 | Orc:2    | 19365 ||| Stepping ~*~*~tactically~*~*~ (outnumbered).
 19386 | Orc:2    | 19386 ||| Stepping ~*~*~tactically~*~*~ (outnumbered).
 19394 | Orc:2    | HP: 34/143 [red devil/+1 demon trident of draining[an orc
                  | high priest] (5)]
 19395 | Orc:2    | 19395 ||| READING 3 scrolls of teleportation.
 19396 | Orc:2    | 19396 ||| DRINKING potion of heal wounds.
 19400 | Orc:2    | HP: 32/140 [barbs]
 19401 | Orc:2    | 19401 ||| READING 2 scrolls of teleportation.
 19405 | Orc:2    | Reached skill level 12 in Shields
 19408 | Orc:2    | 19408 ||| READING scroll of teleportation.
 19409 | Orc:2    | 19409 ||| Stepping ~*~*~tactically~*~*~ (hiding).
 19409 | Orc:2    | HP: 26/140 [orc high priest/+0 dire flail (5)]
 19412 | Orc:2    | 19412 ||| Stepping ~*~*~tactically~*~*~ (outnumbered).
 19412 | Orc:2    | HP: 12/140 [orc high priest/divine providence (16)]
 19415 | Orc:2    | HP: 3/140 [orc priest/divine providence (11)]
 19415 | Orc:2    | Killed from afar by an orc high priest

Levels and vault maps discovered:
D:1:      minmay_arrival_three_doors, layout_loops_ring, serial_glass,
          glass_columns_a, glass_columns_a
D:2:      layout_rooms, grunt_decor_clamped
D:3:      layout_rooms, minmay_pentangle
D:4:      layout_basic, serial_shops, kennysheep_little_box
D:5:      minmay_thinvault, layout_loops_cross, kennysheep_mini, serial_shops,
          nicolae_square_shop
D:6:      layout_loops_corners, minmay_temple_entry_glass,
          small_statue_intersection
D:7:      layout_cave_pods, xom_redecorated, enter_bailey_2, serial_shops,
          nicolae_stop_n_shop_1, nicolae_shop_stone, shop
D:8:      layout_basic, moated_statue
D:9:      layout_small_grid, grunt_temple_overflow_gold_and_silver,
          mainiacjoe_overflow_concentric_impassable, david_lair_shrubbed
D:10:     layout_roguey, nicolae_elevator_lobby_asterisk, uniq_josephine,
          uniq_joseph
D:11:     layout_long_grid, david_orc_2, serial_shops, nicolae_shop_trees
D:12:     layout_loops_ring
D:13:     layout_basic, erik_vaults_1, portal_ice_cave_demonic_guard,
          serial_bayou_pond_e, worms_lemuel, uniq_rupert, uniq_erolcha,
          uniq_jorgrun
D:14:     layout_basic, hangedman_abyss_or_decor_stabs,
          kennysheep_generic_room_7, uniq_nessos, uniq_agnes, uniq_roxanne,
          uniq_snorg, uniq_frances
D:15:     gammafunk_depths_entry_grave, layout_basic
Temple:   bh_familiar_temple
Lair:1:   layout_cave_pods, grunt_megastairs_5
Lair:2:   layout_hall_layers, guppyfry_snake_entry_island, lemuel_fruit_tree
Lair:3:   layout_hall_layers, elwin_shoals_entry_stream,
          nicolae_quartered_pool_little
Lair:4:   layout_concentric_octagons, hellmonk_ghost_happy_afterlife,
          minmay_holes, grunt_megastairs_1
Lair:5:   hangedman_lair_caniforms_friends, layout_cave_shapes,
          guppyfry_lair_end_dragon, slime_entry_1, serial_bayou_ford_a
Orc:1:    layout_caves, gammafunk_ghost_arena
Orc:2:    st_orc_town, layout_caves

Skill      XL: |  1  2  3  4  5  6  7  8  9 10 11 12 13 14 15 |
---------------+----------------------------------------------+-----
Unarmed Combat | 4 5 6 7 8 10 12 13 15 16 17 18 | 18.0
Armour         | 1 2 3 4 5 |  5.0
Throwing       | 1 3 4 7 |  7.1
Fighting       | 3 4 5 6 7 8 |  8.0
Dodging        | 1 3 |  3.1
Shields        | 8 10 11 12 | 12.0
Invocations    | 4 7 10 | 10.0
Spellcasting   | |  1.0
Fire Magic     | |  2.1

Action                   |  1- 3 |  4- 6 |  7- 9 | 10-12 | 13-15 || total
-------------------------+-------+-------+-------+-------+-------++-------
Melee: Unarmed           |    74 |    61 |   209 |   431 |  1007 ||  1782
       Punch             |       |     2 |     2 |       |       ||     4
Throw: Boomerang         |     7 |    19 |     4 |    73 |    42 ||   145
       Large rock        |       |     8 |    46 |       |    29 ||    83
       Javelin           |       |       |    16 |    38 |    25 ||    79
Invok: Fiery Armour      |     1 |     1 |     1 |     9 |       ||    12
       Heroism           |       |       |       |     6 |    49 ||    55
       Finesse           |       |       |       |       |     8 ||     8
  Use: Scroll            |     8 |     3 |     4 |     8 |    12 ||    35
       Potion            |       |     1 |     1 |     4 |    10 ||    16
 Stab: Confused          |       |       |       |       |     1 ||     1
Armor: Robe              |     6 |       |       |       |       ||     6
       Quicksilver drago |    19 |    37 |    79 |   236 |   173 ||   544
       Pearl dragon scal |       |       |       |       |   307 ||   307
Dodge: Dodged            |    34 |    24 |    58 |   134 |   236 ||   486
Block: Kite shield       |       |       |       |   144 |   447 ||   591

Table legend:
 A = Non-vault XP
 B = Vault XP
 C = Vault XP percentage of total XP
 D = Non-vault monster count
 E = Vault monster count
 F = Vault count percentage of total count
                 A         B        C        D         E       F
            +---------+---------+-------+---------+---------+-------
      Total |   83381 |   43551 |  34.3 |     415 |     175 |  29.7
            +---------+---------+-------+---------+---------+-------
        D:1 |      30 |       0 |   0.0 |      19 |       0 |   0.0
        D:2 |      23 |       0 |   0.0 |       5 |       0 |   0.0
        D:3 |      79 |      31 |  28.2 |      15 |       9 |  37.5
        D:4 |     806 |       0 |   0.0 |      23 |       0 |   0.0
        D:5 |     949 |     402 |  29.8 |      28 |      14 |  33.3
        D:6 |     908 |       0 |   0.0 |      16 |       0 |   0.0
        D:7 |     719 |       0 |   0.0 |      17 |       0 |   0.0
        D:8 |    1601 |       0 |   0.0 |      23 |       0 |   0.0
        D:9 |    1567 |     372 |  19.2 |      18 |       1 |   5.3
       D:10 |    2505 |    2199 |  46.7 |      11 |       6 |  35.3
       D:11 |    2342 |     162 |   6.5 |      17 |       8 |  32.0
       D:12 |    5097 |       0 |   0.0 |      17 |       0 |   0.0
       D:13 |    4556 |    8601 |  65.4 |      16 |      13 |  44.8
       D:14 |   11400 |    7326 |  39.1 |      26 |       7 |  21.2
       D:15 |    8429 |    4316 |  33.9 |      14 |       8 |  36.4
     Lair:1 |    4139 |    1241 |  23.1 |      19 |       8 |  29.6
     Lair:2 |    5330 |     649 |  10.9 |      23 |       4 |  14.8
     Lair:3 |   12645 |    1549 |  10.9 |      43 |       4 |   8.5
     Lair:4 |    7630 |       0 |   0.0 |      22 |       0 |   0.0
     Lair:5 |   11918 |   13896 |  53.8 |      31 |      73 |  70.2
      Orc:1 |     444 |    1071 |  70.7 |       9 |      12 |  57.1
      Orc:2 |     264 |    1736 |  86.8 |       3 |       8 |  72.7
            +---------+---------+-------+---------+---------+-------
